 Dungeon Crawl Stone Soup version 0.22-a0-815-gc2b61f1 (webtiles) character file.

44 Thibeeus the Grave Robber (level 3, -10/21 HPs)
             Began as a Faerie Dragon Necromancer on Mar 24, 2019.
             Killed by divine providence
             ... invoked by an orc priest
              (14 damage)
             ... on level 3 of the Dungeon.
             The game lasted 00:10:20 (1428 turns).

Thibeeus the Grave Robber (FDNe)                    Turns: 1428, Time: 00:10:21

Health: -10/21     AC:  7    Str:  6    XL:     3   Next: 62%
Magic:  7/7        EV: 15    Int: 19    God:
Gold:   94         SH:  6    Dex: 12    Spells: 7/8 levels left

rFire    . . .     SeeInvis .   (weapon restricted)
rCold    . . .     Gourm    .   (shield restricted)
rNeg     . . .     Faith    .   (armour unavailable)
rPois    .         Spirit   .   (helmet restricted)
rElec    .         Reflect  .   (no cloak)
rCorr    .         Harm     .   g - +0 pair of gloves
MR       .....                  (no boots)
Stlth    ++........             (no amulet)
HPRegen  0.07/turn              (no ring)
MPRegen  0.10/turn              (no ring)

@: flying
A: small, unfitting armour, magic attunement, magical scales, able to fly
a: Stop Flying


You were on level 3 of the Dungeon.
You were not hungry.

You visited 1 branch of the dungeon, and saw 3 of its levels.

You collected 94 gold pieces.

Inventory:

Armour
 g - a +0 pair of gloves (worn)
Scrolls
 a - a scroll of amnesia {unknown}
 c - 3 scrolls of enchant weapon {unknown}
 d - a scroll of noise {unknown}
 i - a scroll of fog {unknown}
 j - a scroll of remove curse {unknown}
 k - 2 scrolls of teleportation {unknown}
Potions
 f - a potion of heal wounds
 h - a potion of curing {unknown}
Comestibles
 b - 2 rations


   Skills:
 + Level 2.9 Dodging
 + Level 1.1 Stealth
 + Level 3.0 Spellcasting
 + Level 5.5 Necromancy


You had 7 spell levels left.
You knew the following spells:

 Your Spells              Type           Power        Failure   Level  Hunger
a - Pain                  Necr           ###.         1%          1    None

Your spell library contained the following spells:

 Spells                   Type           Power        Failure   Level  Hunger
 Animate Dead             Necr           N/A          16%         4    None
 Control Undead           Necr           ###.......   16%         4    None
 Animate Skeleton         Necr           N/A          1%          1    None
 Vampiric Draining        Necr           ###.......   4%          3    None
 Regeneration             Chrm/Necr      ##........   14%         3    None
 Borgnjor's Vile Clutch   Necr/Erth      ##........   80%         5    None


Dungeon Overview and Level Annotations

Branches:
Dungeon (3/15)

Altars:
Okawaru


Innate Abilities, Weirdness & Mutations

You cannot fit into any form of body armour.
You are small and have problems with some larger weapons.
Your spells do not cause hunger and MP costs are reduced by 1.
Your shimmering scales repel attacks. (AC +6, SH +6)
You can fly continuously.


Message History

The shrimp priest mumbles some strange prayers to Beogh against you.
Beogh smites you!
Ouch! That really hurt!
* * * CRAB GONE DIE * * *
Casting: Pain (safe; 1% risk of failure)
Confirm with . or Enter, or press ? or * to list all spells.
Aiming: Pain (safe; 1% risk of failure)
Press: ? - help, Shift-Dir - straight line, f - shrimp priest
Aim: an shrimp priest, wielding a club and wearing a scale mail (chance to defeat MR: 83%)
The shrimp priest writhes in agony!
Casting: Pain (safe; 1% risk of failure)
Confirm with . or Enter, or press ? or * to list all spells.
Aiming: Pain (safe; 1% risk of failure)
Press: ? - help, Shift-Dir - straight line, f/p - shrimp priest
Aim: an shrimp priest, wielding a club and wearing a scale mail (moderately wounded, chance to defeat MR: 83%)
The shrimp priest barely resists.
The shrimp priest calls down the wrath of Beogh upon you.
Beogh smites you!
Ouch! That really hurt!
Your journey is over little crab

########### #.........#
####### #.........#####
....... #(........+..<#
.......#####.........##...
.......'.............(....
.$.)...##o....#..........#
....... #@....#########..#
....... ####### #..#
...o... #### .....#. #
?....#. # ...o.#. # # # #


You could see an orc priest.

Vanquished Creatures
  An adder (D:2)
  An ooze (D:2)
  A worm (D:2)
  A dart slug (D:2)
  A leopard gecko (D:3)
  A giant cockroach (D:1)
  3 goblins (D:2)
  3 hobgoblins
  A quokka (D:2)
  4 ball pythons
  2 bats
  2 frilled lizards
  A kobold (D:2)
  3 rats (D:1)
25 creatures vanquished.

Notes
Turn   | Place    | Note
-------+----------+-------------------------------------------
     0 | D:1      | Thibeeus the Faerie Dragon Necromancer began the quest for the Orb.
     0 | D:1      | Reached XP level 1. HP: 11/11 MP: 3/3
   138 | D:1      | Reached skill level 5 in Necromancy
   419 | D:1      | Reached XP level 2. HP: 16/17 MP: 5/5
   636 | D:2      | Found an iron altar of Okawaru.
  1002 | D:2      | Reached XP level 3. HP: 16/21 MP: 6/6
  1378 | D:2      | You are sucked into a shaft!
  1428 | D:3      | Killed from afar by an orc priest

Vault maps used:
D:1:      nagdon_arrival_double_spiral
D:2:      okawaru_ov_weapons_minmay
D:3:      first_ration, kennysheep_flooded_box

Skill      XL: |  1  2  3 |
---------------+----------+-----
Necromancy     | 5 |  5.5
Spellcasting   | 3 |  3.0
Dodging        | |  2.9
Stealth        | |  1.1

Action                   || total
-------------------------++-------
Melee: Unarmed           ||     2
 Cast: Pain              ||    60
  Use: Potion            ||     3
  Eat: Ration            ||     1
Armor: Skin              ||     2
Dodge: Dodged            ||     7
Block: Other             ||     5

Table legend:
 A = Spawn XP
 B = Non-spawn XP
 C = Spawn XP percentage of total XP
 D = Spawn monster count
 E = Non-spawn monster count
 F = Spawn count percentage of total count
 G = Total turns spent on level
                    A         B        C        D         E        F      G
               +---------+---------+-------+---------+---------+-------+---------
         Total |       0 |      64 |   0.0 |       0 |      25 |   0.0 |  1428
               +---------+---------+-------+---------+---------+-------+---------
           D:1 |       0 |      10 |   0.0 |       0 |       8 |   0.0 |   630
           D:2 |       0 |      51 |   0.0 |       0 |      16 |   0.0 |   748
           D:3 |       0 |       3 |   0.0 |       0 |       1 |   0.0 |    50
               +---------+---------+-------+---------+---------+-------+---------
